FIQ, neutral male scurrid Tourist -----.- -- |..Z....=| ..%r....v. |........| ---------- FIQ the Rambler Experience level: 1 Strength: 14 Dexterity: 9 Constitution: 14 Intelligence: 11 Wisdom: 9 Charisma: 18 Health: 0(9) Energy: 2(2) Def: 0 Gold: 928 Moves: 51 Dungeon seed: VJokqL1UoN7ohCvU Game ID: FIQ_1498602019 Your Inventory: Coins $ - 928 gold pieces Weapons a - 41 uncursed +2 darts (in quiver) Armor e - an uncursed +0 Hawaiian shirt (being worn) Comestibles b - 2 uncursed fortune cookies c - an uncursed carrot d - an uncursed chestnut f - an uncursed orange g - an uncursed tripe ration h - 6 uncursed food rations i - an uncursed tin of jackal meat Scrolls k - 4 uncursed scrolls of magic mapping Potions j - 2 uncursed potions of extra healing Wands n - an uncursed wand of secret door detection (0:15) Tools l - an uncursed expensive camera (0:97) m - an uncursed credit card o - an uncursed tin opener Spells and supernatural/magical abilities: Name Level Category Fail Memory W - pray for help -- divine ? -- Your skills at the end: Miscellaneous Skills wands [Basic] Weapon Skills dart [Basic] Spellcasting Skills Final Attributes: You were devoutly aligned. You had infravision. You were very stealthy. You are dead. Voluntary challenges: You went without food. You did not adorn yourself with jewelry or accessories. You did not cause conflict. You were not invisible. You did not have reflection. You were not displaced. You were an atheist. You never hit with a wielded weapon. You were a pacifist. You did not use tools. You did not use plumbed fixtures. You did not drink any magical draughts. You were illiterate. You never genocided any monsters. You never polymorphed an object. You never changed form. You used no wishes. You never split a pudding. You never wrote Elbereth's name. You never violated your personal moral code. Dungeon overview: The Dungeons of Doom: levels 1 to 12 Level 1 a long staircase Level 2 Level 3 Level 4 a fountain Level 5 a fountain Level 6 Level 7 Level 8 Level 9 Level 10 Level 11 Level 12 <- You were here History has recorded: On T:1 you entered the Dungeons of Doom to retrieve the Amulet of Yendor! On T:26 you reached level 2 of The Dungeons of Doom. On T:28 you reached level 3 of The Dungeons of Doom. On T:31 you reached level 4 of The Dungeons of Doom. On T:33 you reached level 5 of The Dungeons of Doom. On T:35 you reached level 6 of The Dungeons of Doom. On T:37 you reached level 7 of The Dungeons of Doom. On T:40 you reached level 8 of The Dungeons of Doom. On T:42 you reached level 9 of The Dungeons of Doom. On T:44 you reached level 10 of The Dungeons of Doom. On T:48 you reached level 11 of The Dungeons of Doom. On T:50 you reached level 12 of The Dungeons of Doom. Score breakdown: Gold: 0 ( 0 points) Experience: 1 level ( 0 points) Exploration: 12 levels ( 330 points) Discoveries: 0 items ( 0 points) Variety of kills: 0 monsters ( 0 points) Major goal: (nothing yet) ( 0 points) Survival: died (score multiplied by 3) Total score: 990 Latest messages: You dig a hole through the floor. You fall through... You start digging downward. You continue digging downward. You dig a pit in the floor. You continue digging downward. You dig a hole through the floor. You fall through... That command is only available in debug mode. You have no weapon equipped. You start digging downward. You continue digging downward. You dig a pit in the ground. You continue digging downward. You dig a hole through the ground. You fall through... You start digging downward. The elf zombie scratches you! You continue digging downward. You dig a pit in the floor. You continue digging downward. You dig a hole through the floor. You fall through... You start digging downward. The elf zombie scratches you! You die... Final status: Aloha FIQ the Tourist, killed by an elf zombie... You died in The Dungeons of Doom on dungeon level 12 with 990 points, and 928 pieces of gold, after 51 moves. You were level 1 with a maximum of 9 hit points when you died.